 Dungeon Crawl Stone Soup version bcrawl-1.40 (webtiles) character file.

Game seed: 14640151121454301158

152709 Mehrunes the Skirmisher (level 8, -19/62 HPs)
             Began as a Mummy Wizard on Oct 18, 2023.
             Was a Follower of Sif Muna.
             Hit by a large rock thrown by a cyclops (41 damage)
             ... on level 6 of the Dungeon on Oct 19, 2023.
             The game lasted 00:29:52 (10470 turns).

Mehrunes the Skirmisher (Mummy Wizard)             Turns: 10470, Time: 00:29:53

Health: -19/62     AC:  4    Str:  6    XL:     8   Next: 94%
Magic:  24/24      EV: 13    Int: 21    God:    Sif Muna [*.....]
Gold:   463        SH:  0    Dex: 11    Spells: 0/17 levels left

rFire    . . .     GDR:     23% s - +0 rapier
rCold    + . .     SeeInvis +   (no shield)
rNeg     + + +     Gourm    .   j - +0 robe
rPois    ∞         Faith    .   r - +0 helmet {SInv}
rElec    .         Spirit   .   o - +0 cloak
rCorr    .         Reflect  .   (no gloves)
MR       +....     Clarity  +   (no boots)
Stlth    ..........             a - amulet of regeneration
HPRegen  0.92/turn              v - ring of protection from fire
MPRegen  0.19/turn              i - ring "Atohod" {MP+9 Str-4 Int+2 Stlth--}

@: no status effects
A: no food or potions, fire vulnerability, clarity, cold resistance 1, negative
energy resistance 3, torment resistance, unbreathing, strong hexes 1
a: Divine Energy, Renounce Religion


You were on level 6 of the Dungeon.
You worshipped Sif Muna.
Sif Muna was aware of your devotion.
You were not hungry.

You visited 1 branch of the dungeon, and saw 6 of its levels.
You also visited: Sewer.

You collected 463 gold pieces.

Inventory:

Hand Weapons
 b - a +0 hunting sling
 m - a +2 hand axe of flaming
 q - a +1 dagger of speed
 s - a +0 rapier (weapon)
Missiles
 h - 246 poisoned tomahawks (quivered)
 k - 1429 stones
 t - 61 needles of confusion
Armour
 j - a +0 robe (worn)
 o - a +0 cloak (worn)
 r - a +0 helmet of see invisible (worn)
Jewellery
 a - an amulet of regeneration (around neck)
 i - the ring "Atohod" (right hand) {MP+9 Str-4 Int+2 Stlth--}
   (You found it on level 5 of the Dungeon)

   [ring of attention]

   It affects your strength (-4).
   It affects your intelligence (+2).
   It affects your magic capacity (+9).
   It makes you much less stealthy.
 v - a ring of protection from fire (left hand)
 x - an uncursed ring of see invisible
Wands
 n - a wand of digging (7)
 p - a wand of acid (11)
Scrolls
 c - a scroll of enchant armour
 d - a scroll of revelation
 e - 10 scrolls of teleportation
 f - 4 scrolls of enchant weapon
 g - 4 scrolls of remove curse
 l - 3 scrolls of immolation
 u - 2 scrolls of fear
 w - a scroll of amnesia {unknown}


   Skills:
 + Level 5.2 Fighting
 + Level 3.3 Short Blades
 + Level 4.7 Dodging
 - Level 2.1 Stealth
 - Level 5.0 Spellcasting
 + Level 4.4 Conjurations
 - Level 1.8 Summonings
 - Level 0.7 Translocations
 - Level 1.0 Fire Magic
 + Level 2.3 Ice Magic
 - Level 1.0 Air Magic
 - Level 1.0 Poison Magic


You couldn't memorise any spells.
You knew the following spells:

 Your Spells              Type           Power        Failure   Level  Hunger
a - Throw Frost           Conj/Ice       ###...       1%          2    N/A
b - Call Imp              Summ           ##....       8%          2    N/A
c - Conjure Flame         Conj/Fire      ###.....     11%         3    N/A
d - Mephitic Cloud        Conj/Pois/Air  ##......     14%         3    N/A
e - Blink                 Tloc           N/A          12%         2    N/A
f - Magic Dart            Conj           ###.         1%          1    N/A
g - Throw Icicle          Conj/Ice       ###.....     26%         4    N/A

Your spell library contained the following spells:

 Spells                   Type           Power        Failure   Level  Hunger
 Freeze                   Ice            ###...       4%          1    N/A
 Shock                    Conj/Air       ###....      5%          2    N/A
 Static Discharge         Air            #.....       7%          1    N/A
 Swiftness                Chrm/Air       #.......     13%         2    N/A
 Ozocubu's Armour         Chrm/Ice       ##......     21%         3    N/A
 Lightning Bolt           Conj/Air       ###.....     34%         4    N/A
 Summon Ice Beast         Ice/Summ       ##......     43%         4    N/A
 Airstrike                Air            #.........   56%         4    N/A
 Silence                  Hex/Air        ##........   94%         5    N/A
 Deflect Missiles         Chrm/Air       #.........   100%        6    N/A
 Tornado                  Tloc/Air       #.........   100%        8    N/A
 Spider Form              Tmut/Pois      Unusable     N/A         3    N/A
 Ice Form                 Ice/Tmut       Unusable     N/A         4    N/A

Dungeon Overview and Level Annotations

Branches:
Dungeon (6/12)             Temple (0/1) D:4

Altars:
Sif Muna
Vehumet

Shops:
D:4 *


Innate Abilities, Weirdness & Mutations

You do not eat or drink.
Your flesh is vulnerable to fire.
You are immune to poison.
You possess an exceptional clarity of mind.
Your flesh is cold resistant. (rC+)
You are immune to negative energy. (rN+++)
You are immune to unholy pain and torment.
You can survive without breathing.
Your hexes are more powerful.


Message History

Okay, then.
A rune on the stairs sparks and fizzles.
You climb upwards.
There is a stone staircase leading down here.
You start resting.
HP restored.
You start resting.
HP restored.
Evoke which item? (* to show all) (? for menu, Esc to quit)
Okay, then.
Unknown command.
Okay, then.
Unknown command.
You climb downwards.
A rune on the stairs sparks and fizzles.
The cyclops throws a large rock.
The large rock hits you!!!
Ouch! That really hurt!
There is a stone staircase leading up here.
The cyclops throws a large rock.
The large rock hits you!!!
Ouch! That really hurt!
You die...

####........#
............
...........
##.......### # .
###......C...###.. ..
####.................
..
.....................
..
.##..........@.......
..
#......[..........###
..
...####÷.#....##.....
.. #).##...## #... ..
### ##.###....# .. .
#.## #..# ##...## #
##.## ##.## #....##..#
#..###...## ##........
#....)....####..#..##.


You could see a cyclops.

Vanquished Creatures
  A hippogriff (D:6)
  3 ogres
  A phantom (D:5)
  4 bullfrogs
  2 kobold brigands
  Blork the orc (D:4)
  A howler monkey (D:5)
  2 orc priests
  A crimson imp (D:5)
  A hound (D:5)
  Crazy Yiuf (D:2)
  2 orc wizards (D:6)
  5 worker ants
  Robin (D:3)
  18 river rats
  9 adders
  2 shadow imps (D:5)
  2 oozes
  5 worms
  5 leopard geckos
  17 orcs
  3 ball pythons (Sewer)
  4 giant cockroaches
  14 goblins (D:3)
  17 hobgoblins
  24 kobolds
  13 quokkas
  6 bats
  4 frilled lizards
  35 rats
204 creatures vanquished.

Vanquished Creatures (collateral kills)
  A kobold brigand (Sewer)
1 creature vanquished.

Grand Total: 205 creatures vanquished

Notes
Turn   | Place    | Note
-------+----------+-------------------------------------------
     0 | D:1      | Mehrunes the Mummy Wizard began the quest for the Orb.
     0 | D:1      | Reached XP level 1. HP: 13/13 MP: 5/5
   128 | D:1      | Reached skill level 1 in Conjurations
   158 | D:1      | Reached XP level 2. HP: 20/20 MP: 4/7
   292 | D:1      | Learned a level 2 spell: Call Imp
   894 | D:2      | Reached skill level 1 in Fighting
   895 | D:2      | Reached skill level 1 in Summonings
  1465 | D:1      | Reached XP level 3. HP: 6/26 MP: 2/8
  1538 | D:1      | Learned a level 3 spell: Conjure Flame
  1542 | D:1      | Learned a level 3 spell: Mephitic Cloud
  1999 | D:2      | Found a runed door.
  2357 | D:2      | Noticed an ogre
  2393 | D:2      | Killed an ogre
  2394 | D:2      | Reached XP level 4. HP: 33/33 MP: 1/10
  2478 | D:2      | Reached skill level 1 in Air Magic
  2666 | D:2      | Noticed Crazy Yiuf
  2697 | D:2      | Killed Crazy Yiuf
  2698 | D:2      | Reached skill level 1 in Poison Magic
  2698 | D:2      | Reached XP level 5. HP: 38/38 MP: 3/11
  2844 | D:3      | Noticed Robin
  2916 | D:3      | Reached skill level 1 in Fire Magic
  2947 | D:3      | Found a glowing drain.
  2974 | Sewer    | Entered a sewer
  2980 | Sewer    | Learned a level 2 spell: Blink
  3106 | Sewer    | HP: 1/38 [kobold brigand/+0 long sword (4)]
  3107 | Sewer    | Reached skill level 5 in Spellcasting
  3107 | Sewer    | Reached XP level 6. HP: 2/44 MP: 11/13
  4244 | D:3      | Killed Robin
  4874 | D:3      | Reached XP level 7. HP: 48/52 MP: 14/14
  5221 | D:4      | Found Sicvas's Assorted Antiques.
  5407 | D:4      | Reached skill level 1 in Short Blades
  5675 | D:4      | Noticed Blork the orc
  5686 | D:4      | Killed Blork the orc
  5776 | D:4      | Found a shimmering blue altar of Sif Muna.
  5779 | D:4      | Became a worshipper of Sif Muna the Loreminder
  5951 | D:4      | Found a radiant altar of Vehumet.
  6087 | D:4      | Found a staircase to the Ecumenical Temple.
  6565 | D:5      | Entered Level 5 of the Dungeon
  7466 | D:5      | Reached XP level 8. HP: 55/60 MP: 10/15
  7505 | D:5      | Learned a level 2 spell: Throw Frost
  7510 | D:5      | Learned a level 4 spell: Throw Icicle
  8107 | D:5      | Got a crude steel ring
  8111 | D:5      | Identified the cursed ring "Atohod" {MP+9 Str-4 Int+2
                  | Stlth--} (You found it on level 5 of the Dungeon)
  8390 | D:5      | Reached skill level 1 in Ice Magic
  8485 | D:5      | Reached * piety under Sif Muna
  9611 | D:6      | Noticed a hippogriff
  9620 | D:6      | Killed a hippogriff
  9697 | D:6      | Reached skill level 5 in Fighting
 10195 | D:6      | Received a gift from Sif Muna
 10357 | D:6      | Noticed a cyclops
 10470 | D:6      | Hit by a large rock thrown by a cyclops

Skill      XL: |  1  2  3  4  5  6  7  8 |
---------------+-------------------------+-----
Conjurations   | 1 2 3 4 |  4.4
Fighting       | 1 2 3 4 5 |  5.2
Summonings     | 1 |  1.8
Dodging        | 2 3 4 |  4.7
Air Magic      | 1 |  1.0
Poison Magic   | 1 |  1.0
Fire Magic     | 1 |  1.0
Spellcasting   | 5 |  5.0
Short Blades   | 2 3 |  3.3
Ice Magic      | 2 |  2.3
Stealth        | |  2.1
Translocations | |  0.7

Action                   |  1- 3 |  4- 6 |  7- 9 || total
-------------------------+-------+-------+-------++-------
Melee: Staff             |     5 |       |       ||     5
       Hand axe          |       |    78 |       ||    78
       Dagger            |       |    60 |    19 ||    79
       Rapier            |       |       |    98 ||    98
Throw: Tomahawk          |    40 |    34 |       ||    74
 Cast: Magic Dart        |    58 |    50 |    47 ||   155
       Conjure Flame     |     6 |     7 |     1 ||    14
       Call Imp          |     2 |     2 |     4 ||     8
       Mephitic Cloud    |       |    17 |    20 ||    37
       Blink             |       |       |     1 ||     1
       Throw Frost       |       |       |   132 ||   132
Evoke: Wand              |       |     1 |       ||     1
  Use: Scroll            |     2 |     2 |     4 ||     8
 Stab: Confused          |       |     8 |     9 ||    17
       Sleeping          |       |     1 |     1 ||     2
       Distracted        |       |       |     1 ||     1
Armor: Robe              |    11 |    18 |    23 ||    52
Dodge: Dodged            |    27 |    81 |   104 ||   212
